 Dungeon Crawl Stone Soup version 0.24.0-29-g8ce449bc06 (webtiles) character file.

Game seed: 7874587173377392227, levelgen mode: deterministic

46 theswoord the Shield-Bearer (level 3, -4/31 HPs)
             Began as a Minotaur Fighter on Nov 16, 2019.
             Killed by divine providence
             ... invoked by an orc priest
              (9 damage)
             ... on level 3 of the Dungeon.
             The game lasted 00:01:41 (1068 turns).

theswoord the Shield-Bearer (Minotaur Fighter)      Turns: 1068, Time: 00:01:42

Health: -4/31      AC:  6    Str: 25    XL:     3   Next: 46%
Magic:  2/2        EV:  7    Int:  5    God:
Gold:   138        SH: 10    Dex: 10    Spells: 2/2 levels left

rFire    . . .     SeeInvis .   a - +0 long sword
rCold    . . .     Gourm    .   c - +0 shield
rNeg     + . .     Faith    .   b - +0 scale mail
rPois    .         Spirit   .   (helmet restricted)
rElec    .         Reflect  .   (no cloak)
rCorr    .         Harm     .   (no gloves)
MR       .....                  (no boots)
Stlth    ..........             (no amulet)
HPRegen  0.10/turn              h - ring of positive energy
MPRegen  0.08/turn              (no ring)

@: mighty
A: retaliatory headbutt, horns 2
a: no special abilities


You were on level 3 of the Dungeon.
You were hungry.

You visited 1 branch of the dungeon, and saw 3 of its levels.

You collected 138 gold pieces.

Inventory:

Hand Weapons
 a - a +0 long sword (weapon)
Armour
 b - a +0 scale mail (worn)
 c - a +0 shield (worn)
 p - a +2 hat
Jewellery
 h - a ring of positive energy (left hand)
Scrolls
 e - a scroll of random uselessness {unknown}
 g - a scroll of noise {unknown}
 i - a scroll of identify
 j - a scroll of immolation {unknown}
 k - 2 scrolls of blinking {unknown}
 l - a scroll of enchant weapon {unknown}
 m - 2 scrolls of amnesia {unknown}
 o - a scroll of remove curse {unknown}
Potions
 n - 2 potions of brilliance
 q - a potion of curing {unknown}
Comestibles
 f - a ration


   Skills:
 - Level 3.6 Fighting
 + Level 3.7 Long Blades
 - Level 3.6 Armour
 + Level 4.6 Shields


You had 2 spell levels left.
You didn't know any spells.
Your spell library was empty.

Dungeon Overview and Level Annotations

Branches:
Dungeon (3/15)

Altars:


Innate Abilities, Weirdness & Mutations

You reflexively headbutt those who attack you in melee.
You have a pair of horns on your head.


Message History

You block the goblin's attack.
The orc priest looks encouraged for a moment.
The goblin hits you with a +0 club.
* * * LOW HITPOINT WARNING * * *
You closely miss the goblin. You headbutt the goblin.
You kill the goblin!
The hobgoblin hits you.
* * * LOW HITPOINT WARNING * * *
You slash the orc!
You kill the orc!
The hobgoblin hits you but does no damage.
You closely miss the orc priest.
The orc priest hits you but does no damage.
The hobgoblin hits you.
* * * LOW HITPOINT WARNING * * *
You slash the orc priest!
The orc priest is heavily wounded.
The orc priest invokes the aid of Beogh against you.
Beogh smites you!
You die...

########## #.@....... #
#o#g####.# ## ##.#.####
<## ######.........
..#######..............
.............#...$.###.
.......##....†#.#..#
.......#>............
................#..###


You could see an orc priest and a hobgoblin.

Vanquished Creatures
  A dart slug (D:1)
  A leopard gecko (D:1)
  3 orcs (D:3)
  A ball python (D:1)
  2 bats (D:1)
  4 giant cockroaches
  6 goblins
  5 hobgoblins (D:1)
  2 jackals (D:1)
  4 kobolds
  4 frilled lizards
  4 rats
37 creatures vanquished.

Notes
Turn   | Place    | Note
-------+----------+-------------------------------------------
     0 | D:1      | theswoord the Minotaur Fighter began the quest for the Orb.
     0 | D:1      | Reached XP level 1. HP: 19/19 MP: 0/0
    56 | D:1      | Reached skill level 4 in Shields
    56 | D:1      | Reached XP level 2. HP: 17/26 MP: 1/1
   398 | D:1      | Reached XP level 3. HP: 30/31 MP: 2/2
  1068 | D:3      | Killed from afar by an orc priest

Skill      XL: |  1 |
---------------+----+-----
Long Blades    | 3 |  3.7
Shields        | 4 |  4.6
Fighting       | |  3.6
Armour         | |  3.6

Action                   || total
-------------------------++-------
Melee: Long sword        ||    87
       Headbutt          ||     8
  Use: Scroll            ||     2
       Potion            ||     1
Armor: Scale mail        ||    31
Dodge: Dodged            ||    26
Block: Shield            ||    42
       Rpst.: Long sword ||     5

Levels and vault maps discovered:
D:1:      eino_arrival_tree_alley, layout_loops_cross
D:2:      layout_rooms, minmay_statues_item
D:3:      layout_loops_ring, brannock_xom_greatest_gift, lemuel_doored_altar,
          minmay_distorted
